Map: Ultralove

Players

Bingo - Winner!

  • Race: Protoss Protoss
  • League: Diamond
  • Spawn Location: 7:00

ManlyManMeat

  • Race: Zerg Zerg
  • League: Diamond
  • Spawn Location: 1:00

VOD

Have the link to the VOD?

Description

Time

  • Played on: July 10, 2025, 1:15 p.m.
  • Length: 8:38
Show
View Real Time Build Order
Export as new Build Order

Bingo Protoss - Winner!

Build Orders: 1 Gate Expand, Zealot Archon, Archon Drop, Dark Templar Rush 

Get SALT Encoding   

  12  0:01  Probe  
  13  0:13  Probe  
  14  0:22  Pylon  
  14  0:25  Probe  
  15  0:36  Probe  
  16  0:42  Gateway  
  16  0:44  Probe  
  16  0:49  Assimilator  
  17  0:55  Probe  
  18  1:07  Probe  
  19  1:19  Probe  
  20  1:26  Nexus  
  20  1:36  Cybernetics Core  
  20  1:42  Probe  
  21  1:48  Assimilator  
  21  1:54  Probe  
  21  1:56  Pylon  
  22  2:06  Probe  
  23  2:18  Probe  
  24  2:24  Pylon  
  24  2:25  Gateway  
  24  2:30  Probe  
  24  2:31  Adept  
  27  2:42  Probe  
  27  2:43  Probe  
  29  2:50  Probe  
  29  2:51  Probe  
  29  2:53  Twilight Council  
  29  2:58  Warp Gate, Stalker  
  31  3:00  Probe x2  
  35  3:11  Probe  
  35  3:12  Probe  
  37  3:16  Robotics Facility  
  37  3:19  Probe  
  37  3:20  Probe  
  39  3:27  Probe  
  39  3:28  Probe  
  39  3:29  Assimilator  
  39  3:32  Assimilator  
  41  3:37  Dark Shrine, Probe  
  41  3:38  Probe  
  43  3:49  Probe  
  43  3:50  Probe  
  45  4:01  Probe  
  46  4:03  Warp Prism  
  46  4:06  Gateway  
  46  4:08  Gateway  
  48  4:13  Probe  
  48  4:14  Adept  
  52  4:17  Probe  
  52  4:25  Probe  
  52  4:29  Probe  
  54  4:34  Nexus  
  54  4:36  Pylon  
  54  4:43  Pylon  
  54  4:47  Forge  
  54  4:54  Probe x2  
  56  5:05  Dark Templar x2  
  56  5:06  Dark Templar x2, Probe  
  65  5:10  Charge  
  65  5:14  Protoss Ground Weapons Level 1  
  65  5:24  Probe x2  
  67  5:31  Pylon  
  67  5:35  Immortal, Pylon  
  67  5:42  Probe  
  67  5:45  Probe x2  
  74  5:50  Probe  
  75  5:57  Probe  
  75  5:58  Dark Templar x2, Probe  
  75  6:00  Probe  
  75  6:01  Zealot  
  75  6:02  Zealot  
  86  6:09  Probe  
  87  6:11  Probe  
  88  6:20  Immortal, Archon x2  
  88  6:21  Probe  
  88  6:22  Archon  
  88  6:23  Zealot  
  91  6:28  Probe x2  
  97  6:33  Probe  
  97  6:34  Pylon  
  97  6:38  Gateway  
  97  6:39  Gateway  
  98  6:40  Gateway, Probe  
  98  6:42  Gateway  
  98  6:43  Gateway  
  98  6:45  Gateway  
  99  6:47  Assimilator  
  99  6:52  Dark Templar, Assimilator  
  99  6:53  Dark Templar x2  
  99  6:54  Dark Templar  
  107  6:59  Observer  
  108  7:09  Pylon  
  108  7:21  Immortal  
  108  7:24  Pylon  
  108  7:29  Pylon  
  112  7:31  Dark Templar  
  112  7:32  Pylon, Dark Templar  
  112  7:36  Pylon, Archon x2  
  112  7:37  Archon  
  116  7:41  Pylon  
  116  7:43  Dark Templar  
  118  7:44  Dark Templar x3  
  118  7:47  Zealot x2  
  118  7:48  Zealot x2  
  118  7:50  Archon x2  
  132  8:07  Zealot  
  132  8:08  Zealot x3  
  132  8:09  Zealot x2  
  121  8:28  Zealot x2  
  121  8:29  Zealot  
  121  8:30  Zealot x6  
Show
View Real Time Build Order
Export as new Build Order

ManlyManMeat Zerg 

Build Orders: 3 Hatch before Pool 

Get SALT Encoding   

  12  0:00  Drone  
  13  0:08  Drone  
  14  0:14  Extractor  
  14  0:15  Drone  
  15  0:22  Overlord  
  15  0:41  Drone  
  16  0:46  Hatchery  
  15  0:56  Drone  
  17  0:59  Drone  
  17  1:03  Hatchery  
  17  1:06  Drone  
  18  1:13  Extractor  
  17  1:21  Drone  
  17  1:22  Drone  
  19  1:25  Spawning Pool  
  18  1:38  Drone  
  20  1:40  Drone  
  20  1:59  Drone  
  21  2:16  Queen x2  
  21  2:17  Hatchery  
  24  2:23  Drone  
  24  2:25  Drone  
  26  2:34  Overlord  
  26  2:36  Drone  
  27  2:38  Drone  
  28  2:44  Metabolic Boost  
  28  2:54  Drone  
  29  3:03  Queen  
  29  3:05  Drone x2  
  33  3:12  Drone x2  
  35  3:19  Drone  
  36  3:20  Overlord  
  36  3:21  Overlord  
  36  3:30  Queen  
  38  3:34  Drone x3  
  38  3:37  Overlord  
  41  3:50  Drone x4  
  41  3:51  Overlord  
  46  3:55  Drone  
  46  3:58  Drone  
  49  4:04  Lair  
  49  4:07  Roach Warren  
  49  4:09  Extractor  
  45  4:10  Spore Crawler  
  45  4:11  Extractor  
  45  4:15  Drone x2, Evolution Chamber  
  44  4:26  Drone x3  
  47  4:32  Drone x3  
  47  4:33  Drone  
  47  4:34  Zergling x8  
  55  4:44  Drone x2  
  55  4:45  Drone  
  58  4:46  Zerg Missile Weapons Level 1  
  58  4:51  Overlord x2  
  58  5:08  Queen  
  58  5:09  Extractor  
  58  5:10  Extractor  
  56  5:20  Overseer  
  54  5:22  Zergling x12  
  54  5:23  Zergling x2  
  54  5:26  Overseer  
  61  5:33  Zergling x6, Roach x2  
  61  5:34  Overlord  
  68  5:52  Queen, Hydralisk Den  
  69  6:02  Hatchery  
  62  6:16  Glial Reconstitution  
  62  6:17  Roach x5  
  72  6:23  Hatchery  
  71  6:41  Roach x2  
  71  6:42  Zergling x2  
  71  6:44  Overlord x4  
  76  6:54  Extractor  
  74  7:09  Hydralisk  
  74  7:10  Hydralisk x4  
  84  7:16  Drone x2  
  84  7:17  Drone x4  
  90  7:27  Spore Crawler  
  90  7:28  Hydralisk x3  
  95  7:40  Grooved Spines  
  95  7:41  Hydralisk x2  
  95  7:42  Zergling x10  
  104  7:59  Hydralisk x3  
  104  8:00  Hydralisk  
  112  8:10  Hydralisk x2  
Tags
 
Add a new tag
Caveats
  • Supply blocks, unpowered buildings, or Contaminate may cause inaccurate times.
  • Supply counts are checked every 10 seconds.